TOP OF THE 1ST |
---|
Austin River Sharks batting - Pitching for Kalamazoo Royale with Cheese : RHP Jason Taylor | Pitching: RHP Jason Taylor | | Batting: LHB José Liñares | 0-0: Called Strike 0-1: Ball 1-1: Ball 2-1: Ball 3-1: Base on Balls | Batting: RHB Júlio Figueroa | 0-0: Fly out, F8 (Flyball, 8LXD) | Batting: LHB Greg Nelson | 0-0: Ball 1-0: Fly out, F7 (Flyball, 7) | Batting: RHB Edward Young | 0-0: Ball 1-0: Foul Ball, location: 2F 1-1: Swinging Strike 1-2: Strikes out looking | Top of the 1st over - 0 runs, 0 hits, 0 errors, 1 left on base; Austin 0 - Kalamazoo 0 | BOTTOM OF THE 1ST |
---|
Kalamazoo Royale with Cheese batting - Pitching for Austin River Sharks : RHP Albert Gonzáles | Pitching: RHP Albert Gonzáles | | Batting: LHB Javier Espinoza | 0-0: Foul Ball, location: 2F 0-1: Ball 1-1: Swinging Strike 1-2: Ball 2-2: Ground out 6-3 (Groundball, 6) | Batting: RHB Zander Tremblett | 0-0: Called Strike 0-1: Foul Ball, location: 2F 0-2: DOUBLE (Flyball, 8LXD) | Batting: LHB Vincente Sáenz | 0-0: Ball 1-0: Ball 2-0: Ball 3-0: Called Strike 3-1: Base on Balls | Batting: LHB Roberto Sandoval | 0-0: Swinging Strike 0-1: Foul Ball, location: 2F 0-2: Foul Ball, location: 2F 0-2: Reached on error, E9 (Line Drive, 89D) Zander Tremblett to third Vincente Sáenz to second | Batting: RHB Jimmy Simon | 0-0: Ball 1-0: Ball 2-0: Ball 3-0: Called Strike 3-1: Called Strike 3-2: DOUBLE (Flyball, 8RXD) Zander Tremblett scores Vincente Sáenz scores Roberto Sandoval to third | Batting: LHB Bill McJannett | 0-0: Ball 1-0: Ball 2-0: Foul Ball, location: 2F 2-1: SINGLE (Flyball, 7S) Roberto Sandoval scores Jimmy Simon to third Runner from 3rd tries for Home, SAFE, throw made home | Batting: LHB Keith Tillman | 0-0: Ground out 4-3 (Groundball, 34) Bill McJannett to second | Batting: RHB José Velásquez | 0-0: Foul Ball, location: 2F 0-1: Swinging Strike 0-2: Ball 1-2: Foul Ball, location: 2F 1-2: Ball 2-2: Strikes out swinging | Bottom of the 1st over - 4 runs, 3 hits, 1 error, 1 left on base; Austin 0 - Kalamazoo 4 | TOP OF THE 2ND |
---|
Austin River Sharks batting - Pitching for Kalamazoo Royale with Cheese : RHP Jason Taylor | Batting: LHB Enrico Vargas | 0-0: DOUBLE (Line Drive, 8RD) | Batting: RHB Tony Cruz | 0-0: Called Strike 0-1: Swinging Strike 0-2: Strikes out swinging | Batting: RHB Andy Aiton | 0-0: Ball 1-0: Called Strike 1-1: Swinging Strike 1-2: Ball Wild Pitch! Enrico Vargas to third 2-2: Strikes out swinging | Batting: RHB Richard Coker | 0-0: Swinging Strike 0-1: Ball 1-1: Ball 2-1: Ball 3-1: Foul Ball, location: 2F 3-2: DOUBLE (Line Drive, 89D) Enrico Vargas scores | Batting: RHB Todd Bryant | 0-0: Swinging Strike Balk! Richard Coker to third 0-1: Swinging Strike 0-2: Foul Ball, location: 2F 0-2: Strikes out looking | Top of the 2nd over - 1 run, 2 hits, 0 errors, 1 left on base; Austin 1 - Kalamazoo 4 | BOTTOM OF THE 2ND |
---|
Kalamazoo Royale with Cheese batting - Pitching for Austin River Sharks : RHP Albert Gonzáles | Batting: LHB Ricardo Romero | 0-0: Called Strike 0-1: Called Strike 0-2: Strikes out looking | Batting: LHB Javier Espinoza | 0-0: Ball 1-0: Foul Ball, location: 2F 1-1: Ground out 2-3 (Groundball, 15S) | Batting: RHB Zander Tremblett | 0-0: Ball 1-0: Foul Ball, location: 2F 1-1: Foul Ball, location: 2F 1-2: SINGLE (Flyball, 7LS) | Batting: LHB Vincente Sáenz | 0-0: Ball 1-0: Ball 2-0: Fly out, F7 (Flyball, 78D) | Bottom of the 2nd over - 0 runs, 1 hit, 0 errors, 1 left on base; Austin 1 - Kalamazoo 4 | TOP OF THE 3RD |
---|
Austin River Sharks batting - Pitching for Kalamazoo Royale with Cheese : RHP Jason Taylor | Batting: LHB José Liñares | 0-0: Foul Ball, location: 2F 0-1: Swinging Strike 0-2: Ball 1-2: Foul Ball, location: 2F 1-2: Strikes out looking | Batting: RHB Júlio Figueroa | 0-0: Ball 1-0: Called Strike 1-1: Ball 2-1: Swinging Strike 2-2: Strikes out swinging | Batting: LHB Greg Nelson | 0-0: Ball 1-0: Called Strike 1-1: Ball 2-1: SINGLE (Groundball, 6D) | Batting: RHB Edward Young | 0-0: Ball 1-0: Foul Ball, location: 2F 1-1: Swinging Strike 1-2: Ground out 6-3 (Groundball, 6) | Top of the 3rd over - 0 runs, 1 hit, 0 errors, 1 left on base; Austin 1 - Kalamazoo 4 | BOTTOM OF THE 3RD |
---|
Kalamazoo Royale with Cheese batting - Pitching for Austin River Sharks : RHP Albert Gonzáles | Batting: LHB Roberto Sandoval | 0-0: TRIPLE (Groundball, 3L) | Batting: RHB Jimmy Simon | 0-0: Ball 1-0: Fly out, F7 (Line Drive, 7D) Runner from 3rd tags up, SCORES, no throw | Batting: LHB Bill McJannett | 0-0: Foul Ball, location: 2F 0-1: Called Strike 0-2: Ground out 6-3 (Groundball, 6) | Batting: LHB Keith Tillman | 0-0: Ball 1-0: Called Strike 1-1: Called Strike 1-2: Fly out, F4 (Line Drive, 4MD) | Bottom of the 3rd over - 1 run, 1 hit, 0 errors, 0 left on base; Austin 1 - Kalamazoo 5 | TOP OF THE 4TH |
---|
Austin River Sharks batting - Pitching for Kalamazoo Royale with Cheese : RHP Jason Taylor | Batting: LHB Enrico Vargas | 0-0: Ball 1-0: Foul Ball, location: 2F 1-1: Ground out U3 (Groundball, 3S) | Batting: RHB Tony Cruz | 0-0: Swinging Strike 0-1: SOLO HOME RUN (Flyball, 89XD), Distance : 413 ft | Batting: RHB Andy Aiton | 0-0: Ball 1-0: DOUBLE (Flyball, 89XD) | Batting: RHB Richard Coker | 0-0: Ball 1-0: Swinging Strike 1-1: Ball 2-1: Ball 3-1: Base on Balls | Batting: RHB Todd Bryant | 0-0: Called Strike 0-1: Ball 1-1: Swinging Strike 1-2: Strikes out swinging | Batting: LHB José Liñares | Balk! Andy Aiton to third Richard Coker to second 0-0: Called Strike 0-1: Ground out 6-3 (Groundball, 6) | Top of the 4th over - 1 run, 2 hits, 0 errors, 2 left on base; Austin 2 - Kalamazoo 5 | BOTTOM OF THE 4TH |
---|
Kalamazoo Royale with Cheese batting - Pitching for Austin River Sharks : RHP Albert Gonzáles | Batting: RHB José Velásquez | 0-0: Ball 1-0: Foul Ball, location: 2F 1-1: Ground out 3-1 (Groundball, 34S) | Batting: LHB Ricardo Romero | 0-0: Fly out, F6 (Popup, P) | Batting: LHB Javier Espinoza | 0-0: Called Strike 0-1: Called Strike 0-2: Ball 1-2: Foul Ball, location: 2F 1-2: Ball 2-2: Foul Ball, location: 2F 2-2: Foul Ball, location: 2F 2-2: SOLO HOME RUN (Flyball, 9D), Distance : 364 ft | Batting: RHB Zander Tremblett | 0-0: Called Strike 0-1: Ground out 5-3 (Groundball, 5S) | Bottom of the 4th over - 1 run, 1 hit, 0 errors, 0 left on base; Austin 2 - Kalamazoo 6 | TOP OF THE 5TH |
---|
Austin River Sharks batting - Pitching for Kalamazoo Royale with Cheese : RHP Jason Taylor | Batting: RHB Júlio Figueroa | 0-0: Called Strike 0-1: Ball 1-1: Fly out, F7 (Flyball, 78S) | Batting: LHB Greg Nelson | 0-0: Ball 1-0: Ball 2-0: Called Strike 2-1: SINGLE (Groundball, 6MD) | Batting: RHB Edward Young | 0-0: Swinging Strike 0-1: Ball 1-1: Swinging Strike 1-2: Ball 2-2: Strikes out swinging | Batting: LHB Enrico Vargas | 0-0: Ball 1-0: Ground out 4-3 (Groundball, 4S) | Top of the 5th over - 0 runs, 1 hit, 0 errors, 1 left on base; Austin 2 - Kalamazoo 6 | BOTTOM OF THE 5TH |
---|
Kalamazoo Royale with Cheese batting - Pitching for Austin River Sharks : RHP Albert Gonzáles | Batting: LHB Vincente Sáenz | 0-0: Ball 1-0: Foul Ball, location: 2F 1-1: Ball 2-1: Foul Ball, location: 2F 2-2: Ground out 5-3 (Groundball, 56S) | Batting: LHB Roberto Sandoval | 0-0: Ball 1-0: Fly out, F8 (Line Drive, 8RS) | Batting: RHB Jimmy Simon | 0-0: Fly out, F8 (Flyball, 8RD) | Bottom of the 5th over - 0 runs, 0 hits, 0 errors, 0 left on base; Austin 2 - Kalamazoo 6 | TOP OF THE 6TH |
---|
Austin River Sharks batting - Pitching for Kalamazoo Royale with Cheese : RHP Jason Taylor | Batting: RHB Tony Cruz | 0-0: Called Strike 0-1: Called Strike 0-2: Strikes out swinging | Batting: RHB Andy Aiton | 0-0: Called Strike 0-1: Foul Ball, location: 2F 0-2: Strikes out swinging | Batting: RHB Richard Coker | 0-0: Fly out, F5 (Line Drive, 56) | Top of the 6th over - 0 runs, 0 hits, 0 errors, 0 left on base; Austin 2 - Kalamazoo 6 | BOTTOM OF THE 6TH |
---|
Kalamazoo Royale with Cheese batting - Pitching for Austin River Sharks : RHP Albert Gonzáles | Pitching: LHP António Bueno | | Batting: LHB Bill McJannett | 0-0: Ball 1-0: Foul Ball, location: 2F 1-1: Swinging Strike 1-2: Strikes out swinging | Batting: LHB Keith Tillman | 0-0: Foul Ball, location: 2F 0-1: Ball 1-1: Called Strike 1-2: Fly out, F8 (Flyball, 8LD) | Batting: RHB José Velásquez | 0-0: Ball 1-0: Ground out U3 (Groundball, 34) | Bottom of the 6th over - 0 runs, 0 hits, 0 errors, 0 left on base; Austin 2 - Kalamazoo 6 | TOP OF THE 7TH |
---|
Austin River Sharks batting - Pitching for Kalamazoo Royale with Cheese : RHP Jason Taylor | Batting: RHB Todd Bryant | 0-0: Ground out 4-3 (Groundball, 4) | Batting: LHB José Liñares | 0-0: SINGLE (Line Drive, 89S) | Batting: RHB Júlio Figueroa | 0-0: Called Strike 0-1: Called Strike 0-2: Ball 1-2: Hit by Pitch José Liñares to second | Batting: LHB Greg Nelson | 0-0: Called Strike 0-1: Swinging Strike 0-2: Ball 1-2: Grounds into double play, 6-4-3 (Groundball, 6) | Top of the 7th over - 0 runs, 1 hit, 0 errors, 1 left on base; Austin 2 - Kalamazoo 6 | BOTTOM OF THE 7TH |
---|
Kalamazoo Royale with Cheese batting - Pitching for Austin River Sharks : LHP António Bueno | Batting: LHB Ricardo Romero | 0-0: Foul Ball, location: 2F 0-1: Ball 1-1: Foul Ball, location: 2F 1-2: Ball 2-2: Fly out, F7 (Flyball, 7S) | Batting: LHB Javier Espinoza | 0-0: Called Strike 0-1: Ball 1-1: Ball 2-1: Swinging Strike 2-2: Ball 3-2: Strikes out swinging | Batting: RHB Zander Tremblett | 0-0: Foul Ball, location: 2F 0-1: Called Strike 0-2: Ball 1-2: Strikes out swinging | Bottom of the 7th over - 0 runs, 0 hits, 0 errors, 0 left on base; Austin 2 - Kalamazoo 6 | TOP OF THE 8TH |
---|
Austin River Sharks batting - Pitching for Kalamazoo Royale with Cheese : RHP Jason Taylor | Pitching: RHP Roberto Ledesma | | Batting: RHB Edward Young | 0-0: Called Strike 0-1: Foul Ball, location: 2F 0-2: SINGLE (Groundball, 56D) | Batting: LHB Enrico Vargas | 0-0: Called Strike 0-1: Fielders Choice at 2nd, 4-6 (Groundball, 4D) | Batting: RHB Tony Cruz | 0-0: Ball 1-0: Swinging Strike 1-1: Swinging Strike 1-2: Strikes out swinging | Batting: RHB Andy Aiton | 0-0: Foul Ball, location: 2F 0-1: Ball 1-1: Ball 2-1: Foul Ball, location: 2F 2-2: Ball 3-2: Foul Ball, location: 2F 3-2: Ground out 5-3 (Groundball, 56S) | Top of the 8th over - 0 runs, 1 hit, 0 errors, 1 left on base; Austin 2 - Kalamazoo 6 | BOTTOM OF THE 8TH |
---|
Kalamazoo Royale with Cheese batting - Pitching for Austin River Sharks : LHP António Bueno | Batting: LHB Vincente Sáenz | 0-0: Foul Ball, location: 2F 0-1: Fly out, F8 (Flyball, 8LS) | Batting: LHB Roberto Sandoval | 0-0: Ball 1-0: Foul Ball, location: 2F 1-1: Foul Ball, location: 2F 1-2: Ball 2-2: Ground out 1-3 (Groundball, 13) | Batting: RHB Jimmy Simon | 0-0: Foul Ball, location: 2F 0-1: Ball 1-1: Ground out 6-3 (Groundball, 6) | Bottom of the 8th over - 0 runs, 0 hits, 0 errors, 0 left on base; Austin 2 - Kalamazoo 6 | TOP OF THE 9TH |
---|
Austin River Sharks batting - Pitching for Kalamazoo Royale with Cheese : RHP Roberto Ledesma | Batting: RHB Richard Coker | 0-0: Foul Ball, location: 2F 0-1: Ball 1-1: Ground out 6-3 (Groundball, 6) | Batting: RHB Todd Bryant | 0-0: SINGLE (Line Drive, 9) | Batting: LHB José Liñares | 0-0: Called Strike 0-1: Ball 1-1: SINGLE (Groundball, 15) (infield hit) Todd Bryant to second | Batting: RHB Júlio Figueroa | 0-0: Ball 1-0: Foul Ball, location: 2F 1-1: Ball 2-1: Ball 3-1: Called Strike 3-2: Foul Ball, location: 2F 3-2: Strikes out looking José Liñares is caught stealing 2nd base Batter strikes out. | Top of the 9th over - 0 runs, 2 hits, 0 errors, 1 left on base; Austin 2 - Kalamazoo 6 | |